[Event "Titled Tuesday Blitz July 25 Early 2023"]
[White "Kaplan, Avi Harrison"]
[Black "Guzman Moneo, Alberto"]
[WhiteFideId "30934559"]
[BlackFideId "2209616"]
[WhiteElo "2505"]
[BlackElo "2344"]
[Result "1-0"]
[Round "2"]
[TimeControl "180+2"]
[Date "2023.07.25"]
[WhiteClock "0:00:09"]
[BlackClock "0:00:23"]
[Board "177"]

1. Nf3 g6 2. e4 c5 3. g4 d5 4. exd5 Bxg4 5. Bb5+ Bd7 6. Be2 Nf6 7. c4 Bg7 8. Nc3 O-O 9. d3 e6 10. dxe6 Bxe6 11. Be3 b6 12. Qd2 Ng4 13. Bg5 Qd7 14. O-O-O Nc6 15. Rdf1 Rfe8 16. h4 h5 17. Ne1 Nd4 18. Bd1 b5 19. f3 Ne5 20. Bh6 bxc4 21. Bxg7 Kxg7 22. Qg5 f6 23. Qg3 cxd3 24. f4 d2+ 25. Kb1 dxe1=Q 26. Rxe1 Ng4 27. Rhg1 Bf5+ 28. Ka1 Rxe1 29. Rxe1 Re8 30. Rg1 Nc2+ 31. Bxc2 Bxc2 32. a3 Bf5 33. Rd1 Qe6 34. Qg1 Qe3 35. Qf1 c4 36. Qxc4 Re7 37. Rd8 Be6 38. Qb4 Qc1+ 39. Nb1 Rd7 40. Qf8+ 1-0


[Site "https://www.chess.com"]

[Event "Titled Tuesday Blitz July 25 Early 2023"]
[White "Smiechu"]
[Black "Padmini, Rout"]
[BlackFideId "5029295"]
[WhiteElo "2343"]
[BlackElo "2503"]
[Result "1-0"]
[Round "2"]
[TimeControl "180+2"]
[Date "2023.07.25"]
[WhiteClock "0:00:19"]
[BlackClock "0:00:01"]
[Board "178"]

1. e4 d5 2. exd5 Nf6 3. Nf3 Nxd5 4. d4 Bg4 5. c4 Nf6 6. Be2 e6 7. O-O c6 8. Nc3 Nbd7 9. Be3 Be7 10. Ne5 Bxe2 11. Qxe2 Nxe5 12. dxe5 Nd7 13. Rad1 Qc7 14. f4 Bc5 15. Ne4 Bxe3+ 16. Qxe3 O-O 17. Qg3 f6 18. Rxd7 Qxd7 19. Nxf6+ Rxf6 20. exf6 Qd4+ 21. Kh1 Qxf6 22. Rd1 Rf8 23. Rd7 Qxb2 24. h3 a5 25. a4 g6 26. Qe1 Rf7 27. Rd8+ Kg7 28. g3 Re7 29. Rd2 Qc3 30. Qe2 1-0


[Site "https://www.chess.com"]

[Event "Titled Tuesday Blitz July 25 Early 2023"]
[White "Shapiro, Viktor"]
[Black "Slovineanu, Viacheslav"]
[WhiteFideId "4175700"]
[BlackFideId "13900510"]
[WhiteElo "2503"]
[BlackElo "2342"]
[Result "1-0"]
[Round "2"]
[TimeControl "180+2"]
[Date "2023.07.25"]
[WhiteClock "0:00:35"]
[BlackClock "0:00:04"]
[Board "179"]

1. c4 e5 2. Nc3 Bb4 3. g3 Bxc3 4. bxc3 Nc6 5. Bg2 d6 6. Nf3 f5 7. d3 Nf6 8. O-O O-O 9. Rb1 Rb8 10. Nh4 Bd7 11. f4 e4 12. h3 Re8 13. Kh2 Qe7 14. Ba3 b6 15. Rb5 g6 16. Rg1 Kg7 17. Bc1 exd3 18. exd3 Qe2 19. Rb2 Qxd1 20. Rxd1 Re7 21. Nf3 Rbe8 22. Rf2 Re2 23. Rd2 Rxf2 24. Rxf2 h6 25. Nd4 Nxd4 26. cxd4 Re1 27. Bb2 Kf7 28. d5 Ba4 29. Bf3 Re3 30. Be2 Nd7 31. Bd4 Re7 32. g4 Nc5 33. Bf1 Bd7 34. Kg3 Re8 35. Re2 Rxe2 36. Bxe2 Ba4 37. Kf2 Bc2 38. Ke3 Bb1 39. a3 Bc2 40. h4 Ba4 41. gxf5 gxf5 42. Bh5+ Kf8 43. Bf6 Be8 44. Be2 Bf7 45. Bd8 Na6 46. d4 Ke8 47. Bf6 Nb8 48. Bg7 h5 49. Bf6 Nd7 50. Bg5 Bg6 51. Bd3 Kf7 52. Kd2 Nf6 53. Kc3 Ne4+ 54. Kb4 Nxg5 55. hxg5 h4 56. Bf1 Bh5 57. Kb5 Bg4 58. Kc6 h3 59. Kxc7 h2 60. Bg2 Be2 61. Kxd6 Bxc4 62. Ke5 Kg6 63. d6 Bb5 64. Ke6 Bd3 65. d7 Be4 66. d8=Q Bxg2 67. Qf6+ Kh5 68. Qh6+ Kg4 69. Qxh2 Bf3 70. Ke5 1-0


[Site "https://www.chess.com"]

[Event "Titled Tuesday Blitz July 25 Early 2023"]
[White "Makhmudov, Shukhrat"]
[Black "NigelDwarf"]
[WhiteFideId "14200775"]
[WhiteElo "2341"]
[BlackElo "2503"]
[Result "0-1"]
[Round "2"]
[TimeControl "180+2"]
[Date "2023.07.25"]
[WhiteClock "0:00:35"]
[BlackClock "0:01:17"]
[Board "180"]

1. e4 c5 2. Nf3 d6 3. d4 Nf6 4. Nc3 cxd4 5. Nxd4 a6 6. h3 e6 7. g4 Be7 8. g5 Nfd7 9. h4 b5 10. a3 Bb7 11. Bg2 Nc6 12. Be3 Nc5 13. Qe2 O-O 14. O-O-O b4 15. Nxc6 Bxc6 16. axb4 Na4 17. Nxa4 Bxa4 18. b3 Bb5 19. c4 Bc6 20. Bd4 Qb8 21. Bc3 Rc8 22. Kb2 Ra7 23. f4 a5 24. b5 a4 25. Ra1 a3+ 26. Ka2 Bxb5 27. Bd4 Rac7 28. f5 e5 29. f6 Rxc4 0-1


[Site "https://www.chess.com"]

[Event "Titled Tuesday Blitz July 25 Early 2023"]
[White "Khamdamova, Afruza"]
[Black "Lopez Del Alamo, Antonio"]
[WhiteFideId "14210444"]
[BlackFideId "2227339"]
[WhiteElo "2502"]
[BlackElo "2341"]
[Result "1-0"]
[Round "2"]
[TimeControl "180+2"]
[Date "2023.07.25"]
[WhiteClock "0:00:33"]
[BlackClock "0:00:07"]
[Board "181"]

1. e4 c5 2. Nf3 e6 3. d4 cxd4 4. Nxd4 Nf6 5. Nc3 Nc6 6. Ndb5 d6 7. Bf4 e5 8. Bg5 a6 9. Na3 b5 10. Nd5 Be7 11. Bxf6 Bxf6 12. c4 b4 13. Nc2 Rb8 14. b3 O-O 15. g3 a5 16. Bg2 Bg5 17. O-O Be6 18. Qd3 Qd7 19. Rad1 Bd8 20. Kh1 f5 21. f4 fxe4 22. Bxe4 g6 23. Nde3 exf4 24. gxf4 Bh3 25. Qd5+ Kh8 26. Qxc6 Qxc6 27. Bxc6 Bxf1 28. Rxf1 Bb6 29. Nd5 Bc5 30. Re1 Rbc8 31. Bd7 Rcd8 32. Re7 h5 33. Ne1 a4 34. Nf3 axb3 35. axb3 Ra8 36. Ng5 Ra1+ 37. Kg2 Rg1+ 38. Kh3 Rxg5 39. fxg5 Rf3+ 40. Kg2 Rxb3 41. Nf6 Rb2+ 42. Kf3 Rf2+ 43. Ke4 Rxf6 44. gxf6 b3 45. Re8+ Kh7 46. f7 b2 47. Rb8 d5+ 48. Kxd5 Ba3 49. Rxb2 Bxb2 50. f8=Q Bg7 51. Qf7 Kh6 52. Be8 Kg5 53. Qxg6+ Kh4 54. Qxh5# 1-0


[Site "https://www.chess.com"]

[Event "Titled Tuesday Blitz July 25 Early 2023"]
[White "Andrews, Todd"]
[Black "Ginzburg, Yakov"]
[WhiteFideId "2012456"]
[BlackFideId "4157176"]
[WhiteElo "2334"]
[BlackElo "2502"]
[Result "1-0"]
[Round "2"]
[TimeControl "180+2"]
[Date "2023.07.25"]
[WhiteClock "0:00:50"]
[BlackClock "0:00:02"]
[Board "182"]

1. e4 c5 2. Nf3 e6 3. d3 d5 4. g3 dxe4 5. dxe4 Qxd1+ 6. Kxd1 b6 7. Bb5+ Nd7 8. Ke2 a6 9. Bc6 Ra7 10. Rd1 Rc7 11. Ne5 f6 12. Nxd7 Bxd7 13. Rxd7 Rxd7 14. Nc3 Ne7 15. Bxd7+ Kxd7 16. Be3 h5 17. Rd1+ Kc7 18. f4 h4 19. g4 h3 20. Kf3 g6 21. Ne2 f5 22. gxf5 gxf5 23. e5 Rg8 24. Rg1 Ng6 25. Rg3 Nh4+ 26. Kf2 Rg4 27. Rxh3 Be7 28. Rg3 Kc6 29. Rxg4 fxg4 30. Nc3 Nf5 31. Bd2 Bh4+ 32. Kg2 b5 33. Ne4 Kd5 34. Nf6+ Kc6 35. Nxg4 Nd4 36. c3 Nf5 37. Ne3 Nxe3+ 38. Bxe3 Kd5 39. Kf3 c4 40. Kg4 Be7 41. h4 Ke4 42. Bb6 Bxh4 43. Kxh4 Kxf4 44. Bd4 a5 45. Kh5 Kf5 46. Kh6 b4 47. Kg7 a4 48. a3 Ke4 49. Kf6 bxa3 50. bxa3 Kd5 51. Ke7 1-0


[Site "https://www.chess.com"]

[Event "Titled Tuesday Blitz July 25 Early 2023"]
[White "Karamsetty, Jeevan"]
[Black "Girinath, P.D.S."]
[WhiteFideId "2025337"]
[BlackFideId "5000572"]
[WhiteElo "2502"]
[BlackElo "2333"]
[Result "0-1"]
[Round "2"]
[TimeControl "180+2"]
[Date "2023.07.25"]
[WhiteClock "0:00:04"]
[BlackClock "0:00:18"]
[Board "183"]

1. g3 f5 2. Bg2 Nf6 3. d4 e6 4. c4 Be7 5. Nc3 O-O 6. Nf3 d6 7. O-O a5 8. Re1 Ne4 9. Bf4 Bf6 10. Nxe4 fxe4 11. Nd2 d5 12. cxd5 exd5 13. e3 Nc6 14. Rc1 g5 15. Be5 Bxe5 16. dxe5 Nxe5 17. Rf1 g4 18. Qb3 Nf3+ 19. Nxf3 gxf3 20. Bh1 c6 21. Qc3 Qf6 22. Rfd1 Qxc3 23. Rxc3 Bh3 24. Rb3 Rf7 25. Rb6 Kf8 26. a3 Ke8 27. Rd4 Kd8 28. b4 axb4 29. Rdxb4 Rxa3 30. Rb1 Kc8 31. R6b2 b5 32. Rc1 Kb7 33. Rbc2 Rc7 34. Rd2 Kb6 35. Rb1 Rca7 36. Rdd1 Ra2 37. Rbc1 Rb2 38. Rb1 Rxb1 39. Rxb1 c5 40. Rd1 b4 41. Bg2 Bxg2 42. Rb1 Kb5 43. h4 c4 44. Kh2 c3 45. h5 c2 46. h6 cxb1=Q 47. g4 Qh1+ 48. Kg3 Rf7 0-1


[Site "https://www.chess.com"]

[Event "Titled Tuesday Blitz July 25 Early 2023"]
[White "Gavarrete, Nahun"]
[Black "Koc, Przemyslaw"]
[WhiteFideId "8400709"]
[BlackFideId "1109081"]
[WhiteElo "2330"]
[BlackElo "2500"]
[Result "1-0"]
[Round "2"]
[TimeControl "180+2"]
[Date "2023.07.25"]
[WhiteClock "0:00:19"]
[BlackClock "0:00:24"]
[Board "184"]

1. d4 d6 2. c4 e5 3. Nc3 Nd7 4. Nf3 g6 5. e4 Bg7 6. g3 Ne7 7. Bg2 O-O 8. O-O Re8 9. Re1 exd4 10. Nxd4 Nc5 11. b4 Ne6 12. Nde2 a5 13. bxa5 Rxa5 14. a4 c6 15. Ba3 c5 16. Rb1 Nd4 17. Nxd4 Bxd4 18. Nb5 Nc6 19. Bb2 Qf6 20. Bxd4 Nxd4 21. Nxd4 Qxd4 22. Qc2 Bd7 23. Rxb7 Bxa4 24. Qe2 Bc6 25. Rd1 Ra1 26. Rbb1 Rxb1 27. Rxb1 Bxe4 28. Re1 f5 29. Rd1 Qe5 30. Bxe4 fxe4 31. Rd5 Qf6 32. Qd1 Re6 33. Kg2 Kg7 34. h4 h5 35. Rg5 e3 36. fxe3 Rxe3 37. Qxh5 Re5 38. Qd1 Rxg5 39. hxg5 Qd4 40. Qxd4+ cxd4 41. Kf3 Kf7 42. Ke4 Ke6 43. Kxd4 Ke7 44. Kd5 Kd7 45. g4 Kc7 46. Ke6 Kc6 47. Kf6 Kc5 48. Kxg6 Kxc4 49. Kh7 d5 50. g6 d4 51. g7 1-0


[Site "https://www.chess.com"]

[Event "Titled Tuesday Blitz July 25 Early 2023"]
[White "Roberson, Peter T"]
[Black "Altun, Arda"]
[WhiteFideId "412384"]
[BlackFideId "34511580"]
[WhiteElo "2499"]
[BlackElo "2328"]
[Result "1/2-1/2"]
[Round "2"]
[TimeControl "180+2"]
[Date "2023.07.25"]
[WhiteClock "0:00:05"]
[BlackClock "0:00:21"]
[Board "185"]

1. e4 c6 2. d4 d5 3. Nd2 dxe4 4. Nxe4 Bf5 5. Nc5 Nd7 6. Nxb7 Qc7 7. Nc5 Nxc5 8. dxc5 Rd8 9. Bd3 e5 10. Qe2 Bxd3 11. cxd3 Bxc5 12. Nf3 f6 13. O-O Ne7 14. Be3 Rd5 15. Rac1 Qd6 16. Bxc5 Rxc5 17. Rxc5 Qxc5 18. d4 exd4 19. Re1 Qd6 20. Nxd4 Kf7 21. Qc4+ Qd5 22. Qxd5+ cxd5 23. Rc1 Rc8 24. Rxc8 Nxc8 25. f3 g6 26. Kf2 Ke7 27. Ke3 Kd6 28. b4 a6 29. Kd3 Nb6 30. Nb3 Nd7 31. Kd4 Ne5 32. Nc5 Nc6+ 33. Kc3 Nb8 34. a4 Kc6 35. Kd4 Kd6 36. h4 Nc6+ 37. Kc3 Nb8 38. g4 h5 39. gxh5 gxh5 40. Nd3 Nc6 41. Nf4 Ne5 42. Nxh5 Nxf3 43. Nxf6 Nxh4 44. Ne8+ Kc6 45. Nf6 Nf3 46. b5+ axb5 47. axb5+ Kc5 48. Nxd5 Kxd5 49. b6 Kc6 50. b7 Kxb7 1/2-1/2


[Site "https://www.chess.com"]

[Event "Titled Tuesday Blitz July 25 Early 2023"]
[White "Vujacic, Igor"]
[Black "Rodriguez Fontecha, Marcos"]
[WhiteFideId "932620"]
[BlackFideId "2256576"]
[WhiteElo "2326"]
[BlackElo "2499"]
[Result "1-0"]
[Round "2"]
[TimeControl "180+2"]
[Date "2023.07.25"]
[WhiteClock "0:00:06"]
[BlackClock "0:00:02"]
[Board "186"]

1. d4 Nf6 2. Bf4 d6 3. Nc3 g6 4. e4 Bg7 5. Qd2 Nc6 6. d5 Ne5 7. f3 e6 8. Bh6 O-O 9. h4 exd5 10. Nxd5 Nxd5 11. exd5 Re8 12. O-O-O Bh8 13. h5 c6 14. hxg6 hxg6 15. Bg5 Bf6 16. Bxf6 Qxf6 17. dxc6 bxc6 18. Qxd6 Be6 19. Qa3 Rab8 20. Bd3 Bc4 21. Ne2 Nxd3+ 22. cxd3 Rxe2 23. dxc4 Rbxb2 24. Rh8+ Qxh8 25. Rd8+ Kg7 26. Qxb2+ Rxb2 27. Rxh8 Rxa2 28. Rc8 Rxg2 29. Rxc6 a5 30. Ra6 Rf2 31. Rxa5 Rxf3 32. Kd2 f5 33. c5 Rf4 34. c6 Rc4 35. Ra6 g5 36. Kd3 Rc1 37. Kd4 Kg6 38. Ke5 Rc5+ 39. Kd6 Rc1 40. c7 g4 41. Rc6 Rd1+ 42. Ke6 Re1+ 43. Kd7+ Kg5 44. c8=Q Rd1+ 45. Rd6 Re1 46. Qg8+ Kf4 47. Rd4+ Re4 48. Rxe4+ Kxe4 49. Ke6 Kf3 50. Kxf5 g3 51. Qg4+ Kf2 52. Qf4+ Kg2 53. Kg4 Kh1 54. Kxg3 Kg1 55. Qf2+ Kh1 56. Qg2# 1-0


[Site "https://www.chess.com"]

[Event "Titled Tuesday Blitz July 25 Early 2023"]
[White "Buscar, Michael"]
[Black "luksona14"]
[WhiteFideId "2603616"]
[WhiteElo "2323"]
[BlackElo "2499"]
[Result "1-0"]
[Round "2"]
[TimeControl "180+2"]
[Date "2023.07.25"]
[WhiteClock "0:01:49"]
[BlackClock "0:02:20"]
[Board "187"]

1. d4 Nf6 2. c4 e6 3. Nc3 Bb4 4. Nf3 O-O 5. g3 b6 6. Bg2 Bb7 7. O-O d6 8. Qc2 Nbd7 9. a3 Bxc3 10. Qxc3 a6 11. Bg5 Ra7 12. b4 Qa8 13. Ne1 Ne4 14. Bxe4 Bxe4 15. f3 Bb7 16. e4 Rc8 17. d5 e5 18. Nd3 c6 19. Qd2 b5 20. Be3 bxc4 21. Bxa7 Qxa7+ 22. Qf2 cxd5 23. Qxa7 1-0


[Site "https://www.chess.com"]

[Event "Titled Tuesday Blitz July 25 Early 2023"]
[White "Kuznetsova, Olga"]
[Black "BenchGM"]
[WhiteFideId "4191323"]
[WhiteElo "2498"]
[BlackElo "2322"]
[Result "1-0"]
[Round "2"]
[TimeControl "180+2"]
[Date "2023.07.25"]
[WhiteClock "0:00:23"]
[BlackClock "0:00:03"]
[Board "188"]

1. d4 f5 2. g4 fxg4 3. e4 d5 4. e5 Bf5 5. h3 Qd7 6. hxg4 Bxg4 7. Be2 Bf5 8. Nf3 e6 9. Nh4 Ne7 10. Nxf5 Nxf5 11. Bh5+ Kd8 12. c3 Be7 13. Bg6 Nh4 14. Bd3 h6 15. Qh5 g5 16. Be3 Qe8 17. Qg4 Qf7 18. Nd2 Nd7 19. O-O-O Nf8 20. f4 Nf5 21. Qg1 Nxe3 22. Qxe3 Qxf4 23. Qh3 Qf7 24. Rdf1 Qg7 25. Nf3 Kd7 26. Rhg1 Ng6 27. Ne1 Raf8 28. Bc2 Nf4 29. Qe3 Qf7 30. Kb1 Qh5 31. Rh1 Qe2 32. Qg3 h5 33. Nf3 h4 34. Qg4 Ng2 35. Bd1 Qe4+ 36. Qxe4 dxe4 37. Nd2 Ne3 38. Rxf8 Rxf8 39. Nxe4 g4 40. Ba4+ c6 41. a3 g3 42. Rxh4 Bxh4 43. Nxg3 Bxg3 44. c4 Bxe5 45. dxe5 Kc7 46. c5 Rf4 47. b4 Rxb4+ 48. axb4 a5 49. bxa5 Nc4 50. a6 Na5 51. a7 b5 52. a8=Q bxa4 53. Qxa5+ 1-0


[Site "https://www.chess.com"]

[Event "Titled Tuesday Blitz July 25 Early 2023"]
[White "Prydun, Andriy"]
[Black "Chitlange Sakshi"]
[WhiteFideId "14145898"]
[BlackFideId "35002899"]
[WhiteElo "2320"]
[BlackElo "2496"]
[Result "1-0"]
[Round "2"]
[TimeControl "180+2"]
[Date "2023.07.25"]
[WhiteClock "0:00:10"]
[BlackClock "0:00:02"]
[Board "189"]

1. e4 c6 2. d4 d5 3. Nc3 dxe4 4. Nxe4 Nf6 5. Nc5 b6 6. Nb3 Bf5 7. Bd3 Bxd3 8. Qxd3 e6 9. a4 Nbd7 10. a5 Bd6 11. Ne2 O-O 12. Bf4 Bxf4 13. Nxf4 Qc7 14. Qg3 c5 15. O-O Rac8 16. c3 cxd4 17. Nxd4 Nc5 18. Nb5 Qd7 19. Na3 Rfd8 20. axb6 axb6 21. Nc4 Qb5 22. Ne5 Nb3 23. Nxe6 fxe6 24. c4 Qb4 25. Ra7 Ne8 26. Qf3 Qf8 27. Rf7 Qd6 28. Rb7 Nf6 29. Nf7 Qf8 30. Nxd8 Nc5 31. Nxe6 Nxe6 32. Rxb6 Nc5 33. Rb5 Ncd7 34. b3 Qe7 35. h3 Ne5 36. Qe2 Nfd7 37. Re1 Qf6 38. Rxe5 Nxe5 39. Qxe5 Qxe5 40. Rxe5 Rb8 41. Re3 Rb4 42. Rc3 Kf7 43. c5 Ke6 44. c6 Rb8 45. b4 Kd6 46. c7 Rc8 47. Kf1 Kd7 48. Ke2 Re8+ 49. Kd3 Kc8 50. b5 Re5 51. b6 Rb5 52. Rc6 Rb2 53. Ke4 Rxf2 54. b7+ 1-0


[Site "https://www.chess.com"]

[Event "Titled Tuesday Blitz July 25 Early 2023"]
[White "Luukkonen, Tommi"]
[Black "SicilianPanzer"]
[WhiteFideId "501808"]
[WhiteElo "2495"]
[BlackElo "2314"]
[Result "0-1"]
[Round "2"]
[TimeControl "180+2"]
[Date "2023.07.25"]
[WhiteClock "0:00:01"]
[BlackClock "0:00:07"]
[Board "190"]

1. e4 c5 2. d4 cxd4 3. Qxd4 Nc6 4. Qd3 g6 5. Nc3 Bg7 6. Nf3 Nf6 7. Be2 O-O 8. O-O b6 9. Nd5 Nxd5 10. exd5 Nb4 11. Qd2 a5 12. c3 Na6 13. Rd1 Bb7 14. Qf4 Rc8 15. Be3 a4 16. Qxa4 Nc5 17. Qh4 e6 18. Qxd8 Rfxd8 19. dxe6 fxe6 20. Bd4 Bh6 21. Ne5 Na4 22. Rab1 Bg7 23. Nc4 Ba6 24. Bxg7 Kxg7 25. Rd4 d5 26. Ne5 Nxc3 27. bxc3 Bxe2 28. Rb3 Bc4 29. Rb2 b5 30. f4 Kf6 31. Rdd2 Ra8 32. Kf2 Ra3 33. Rdc2 Rda8 34. Nxc4 bxc4 35. Ke3 e5 36. fxe5+ Kxe5 37. g4 d4+ 38. Kd2 d3 39. Rc1 Rxa2 0-1


[Site "https://www.chess.com"]

[Event "Titled Tuesday Blitz July 25 Early 2023"]
[White "Wimalasuriya, Kasun M."]
[Black "Osmak, Yuliia"]
[WhiteFideId "9906789"]
[BlackFideId "14101602"]
[WhiteElo "2314"]
[BlackElo "2493"]
[Result "0-1"]
[Round "2"]
[TimeControl "180+2"]
[Date "2023.07.25"]
[WhiteClock "0:00:08"]
[BlackClock "0:00:37"]
[Board "191"]

1. d4 Nf6 2. c4 g6 3. Nf3 Bg7 4. g3 c6 5. Bg2 d5 6. O-O O-O 7. cxd5 cxd5 8. Nc3 Nc6 9. Bg5 Ne4 10. Bf4 Nxc3 11. bxc3 Bf5 12. h3 Be4 13. Qb3 Na5 14. Qb4 Rc8 15. Nd2 Bxg2 16. Kxg2 b6 17. Rac1 Nc4 18. Rfe1 Qd7 19. Nf3 Qb7 20. h4 h6 21. Qb1 Rc6 22. e4 dxe4 23. Qxe4 e6 24. Rh1 Rfc8 25. h5 g5 26. Bxg5 hxg5 27. h6 Bf6 28. h7+ Kh8 29. Rh6 Bg7 30. Rh5 R6c7 31. Qxb7 Rxb7 32. Nxg5 Nd6 33. Nf3 Ne4 34. c4 Nf6 35. Rh2 Rbc7 36. Ne5 Ne4 37. Rh4 Bxe5 38. dxe5 Rxc4 39. Rd1 Ng5 40. Rxc4 Rxc4 41. Rd7 Ra4 42. f4 Nxh7 43. Rxf7 Rxa2+ 44. Kh3 Kg8 45. Re7 Nf8 46. g4 Ra3+ 47. Kh4 Ng6+ 0-1


[Site "https://www.chess.com"]

[Event "Titled Tuesday Blitz July 25 Early 2023"]
[White "Ronka, Erik"]
[Black "Osinovsky, Stepan"]
[WhiteFideId "505080"]
[BlackFideId "4157354"]
[WhiteElo "2488"]
[BlackElo "2314"]
[Result "0-1"]
[Round "2"]
[TimeControl "180+2"]
[Date "2023.07.25"]
[WhiteClock "0:01:56"]
[BlackClock "0:00:40"]
[Board "192"]

1. d4 Nf6 2. c4 g6 3. Nc3 Bg7 4. e4 O-O 5. f3 d6 6. Be3 c5 7. Nge2 Nc6 8. d5 Ne5 9. Ng3 h5 10. Be2 h4 11. Nf1 e6 12. Nd2 exd5 13. cxd5 a6 14. a4 Re8 15. O-O h3 16. g3 Bd7 17. a5 b5 18. g4 b4 19. Na4 Bb5 20. g5 Nxd5 21. exd5 Nd3 22. Bxd3 Rxe3 23. Bxb5 Qxg5+ 24. Kf2 Bd4 25. Rg1 Re4+ 0-1


[Site "https://www.chess.com"]

[Event "Titled Tuesday Blitz July 25 Early 2023"]
[White "Petrovic, Aleksa"]
[Black "Theytookourjobs"]
[WhiteFideId "967629"]
[WhiteElo "2486"]
[BlackElo "2307"]
[Result "1-0"]
[Round "2"]
[TimeControl "180+2"]
[Date "2023.07.25"]
[WhiteClock "0:00:06"]
[BlackClock "0:01:27"]
[Board "193"]

1. e4 e6 2. d4 d5 3. Nd2 Be7 4. e5 c5 5. c3 Nc6 6. Ngf3 f6 7. exf6 Nxf6 8. dxc5 Bxc5 9. Be2 O-O 10. O-O e5 11. Nb3 Bd6 12. c4 d4 13. Bg5 Qe8 14. Re1 Qg6 15. c5 Bc7 16. Bc4+ Kh8 17. Bxf6 Rxf6 18. Bd5 Bh3 19. g3 Raf8 20. Nbd2 Bg4 21. Qb3 Qh5 22. Nh4 Na5 23. Qa3 Rxf2 24. Rf1 Rxf1+ 25. Rxf1 Rxf1+ 26. Nxf1 Qg5 27. c6 Qf6 28. cxb7 Be2 29. Nf3 Bxf1 30. Qxa5 Bxa5 31. b8=Q+ Bd8 32. Kxf1 h6 33. Qxe5 Qa6+ 34. Kg2 Bf6 35. Qe8+ Kh7 36. Bg8+ Kh8 37. Bf7+ Kh7 38. Qg8# 1-0


[Site "https://www.chess.com"]

[Event "Titled Tuesday Blitz July 25 Early 2023"]
[White "UgarteCesar"]
[Black "Perske, Thore"]
[BlackFideId "12902195"]
[WhiteElo "2305"]
[BlackElo "2486"]
[Result "0-1"]
[Round "2"]
[TimeControl "180+2"]
[Date "2023.07.25"]
[WhiteClock "0:01:08"]
[BlackClock "0:01:27"]
[Board "194"]

1. c4 c6 2. g3 d5 3. Bg2 Nf6 4. b3 Bf5 5. Bb2 e6 6. d3 h6 7. Nd2 Nbd7 8. Ngf3 Be7 9. O-O O-O 10. Re1 Bh7 11. e4 dxe4 12. dxe4 Nc5 13. Ne5 Nd3 14. Nxd3 Qxd3 15. Qe2 Rfd8 16. Rad1 Qc2 17. Bxf6 Bxf6 18. e5 Be7 19. Be4 Bxe4 20. Rc1 Qxd2 21. Qxe4 Bc5 0-1


[Site "https://www.chess.com"]

[Event "Titled Tuesday Blitz July 25 Early 2023"]
[White "MateoReyes"]
[Black "kiwibobo"]
[WhiteElo "2485"]
[BlackElo "2303"]
[Result "0-1"]
[Round "2"]
[TimeControl "180+2"]
[Date "2023.07.25"]
[WhiteClock "0:00:51"]
[BlackClock "0:00:12"]
[Board "195"]

1. Nf3 Nf6 2. d4 g6 3. c4 Bg7 4. Nc3 d5 5. cxd5 Nxd5 6. e4 Nxc3 7. bxc3 c5 8. Be2 O-O 9. Be3 Qa5 10. Qd2 Nc6 11. Rc1 Rd8 12. d5 e6 13. c4 Qxd2+ 14. Kxd2 b6 15. Rhd1 f5 16. Ng5 fxe4 17. Ke1 exd5 18. cxd5 Ne5 19. Nxe4 Bf5 20. Ng3 Bg4 21. f3 Bd7 22. Kf2 Rf8 23. Kg1 Rae8 24. Ne4 Ng4 25. Bf2 Nxf2 26. Kxf2 Rxe4 27. d6 Rd4 28. Bc4+ Kh8 29. Rxd4 Bxd4+ 30. Kf1 Rf6 31. Re1 Rxd6 32. h4 Kg7 33. g4 h5 34. g5 b5 35. Be2 Be6 36. Kg2 Bc4 37. Bd1 Re6 38. Rh1 Bxa2 39. f4 Bd5+ 40. Bf3 Bxf3+ 41. Kxf3 Re3+ 42. Kg2 b4 43. Rc1 b3 0-1


[Site "https://www.chess.com"]

[Event "Titled Tuesday Blitz July 25 Early 2023"]
[White "Schut, Han"]
[Black "marik_spb"]
[WhiteFideId "1005561"]
[WhiteElo "2301"]
[BlackElo "2485"]
[Result "0-1"]
[Round "2"]
[TimeControl "180+2"]
[Date "2023.07.25"]
[WhiteClock "0:00:15"]
[BlackClock "0:00:54"]
[Board "196"]

1. e4 c6 2. d4 d5 3. exd5 cxd5 4. c4 e6 5. Nc3 Bb4 6. Nf3 Nf6 7. cxd5 Nxd5 8. Qc2 O-O 9. Bd3 g6 10. h4 Nc6 11. h5 Nxc3 12. bxc3 Nxd4 13. Nxd4 Qxd4 14. cxb4 Qxa1 15. hxg6 hxg6 16. Ke2 Qe5+ 17. Kf1 Qg7 18. Bb2 e5 19. f4 Re8 20. Bxe5 Rxe5 21. fxe5 Qxe5 22. Qc1 Bf5 23. Be2 Re8 24. Bf3 Bd3+ 25. Kg1 Qd4+ 26. Kh2 Qh4+ 27. Kg1 Re1+ 0-1


[Site "https://www.chess.com"]

[Event "Titled Tuesday Blitz July 25 Early 2023"]
[White "Mmukka"]
[Black "arturdailima"]
[WhiteElo "2484"]
[BlackElo "2301"]
[Result "1-0"]
[Round "2"]
[TimeControl "180+2"]
[Date "2023.07.25"]
[WhiteClock "0:00:36"]
[BlackClock "0:00:57"]
[Board "197"]

1. e4 c5 2. Nf3 d6 3. d4 cxd4 4. Nxd4 Nf6 5. Nc3 a6 6. h3 e6 7. g4 Nfd7 8. Bg2 Be7 9. O-O Nc6 10. Be3 O-O 11. f4 Nxd4 12. Bxd4 e5 13. Be3 exf4 14. Bxf4 Ne5 15. Nd5 Be6 16. b3 Bg5 17. Bg3 Bh4 18. Bh2 Rc8 19. c4 b5 20. cxb5 axb5 21. Qd4 Qa5 22. a4 bxa4 23. Rxa4 Qc5 24. Qxc5 Rxc5 25. b4 Rc2 26. Rb1 Rb8 27. b5 h6 28. b6 Bxd5 29. Bxe5 dxe5 30. exd5 Rxb6 31. Rxb6 Bf2+ 32. Kh1 Bxb6 33. Ra8+ Kh7 34. Be4+ g6 35. Bxc2 1-0


[Site "https://www.chess.com"]

[Event "Titled Tuesday Blitz July 25 Early 2023"]
[White "Kleiman, Jake"]
[Black "Cooper, Aaron"]
[WhiteFideId "2020041"]
[BlackFideId "2634945"]
[WhiteElo "2483"]
[BlackElo "2296"]
[Result "1-0"]
[Round "2"]
[TimeControl "180+2"]
[Date "2023.07.25"]
[WhiteClock "0:00:12"]
[BlackClock "0:00:08"]
[Board "198"]

1. e4 d5 2. exd5 Qxd5 3. Nc3 Qd6 4. d4 Nf6 5. Nf3 a6 6. Ne5 Nc6 7. Nxc6 Qxc6 8. Bf4 Bg4 9. f3 Bf5 10. Qe2 O-O-O 11. O-O-O e6 12. g3 Bb4 13. Qc4 Qxc4 14. Bxc4 Bxc3 15. bxc3 Nd5 16. Bd2 h6 17. Rhe1 Rhe8 18. Bb3 Nb6 19. g4 Bg6 20. Kb2 Rd7 21. Be3 Red8 22. c4 c5 23. c3 cxd4 24. cxd4 Rc7 25. Rc1 Nd7 26. Bf4 e5 27. Bxe5 Nxe5 28. dxe5 Rd2+ 29. Ka3 Rxh2 30. c5 Rf2 31. Re3 h5 32. Kb4 hxg4 33. fxg4 Rf4+ 34. Rc4 Rf2 35. Rd4 Rd7 36. Rxd7 Kxd7 37. Ka5 Rf4 38. Kb6 Rxg4 39. Kxb7 Be4+ 40. Kb6 Rg6+ 41. Ka7 f5 42. e6+ Ke7 43. Rxe4 fxe4 44. c6 Kd6 45. Kb7 Rg1 46. e7 Kxe7 47. c7 Rc1 48. c8=Q Rxc8 49. Kxc8 e3 50. Bc4 a5 51. Kb7 g5 52. Be2 Kf6 53. Ka6 Ke5 54. Kxa5 Kf4 55. Kb4 Kg3 56. Kc3 Kf2 57. Kd3 Kg3 58. Kxe3 g4 59. a4 Kh3 60. a5 g3 61. Bf3 g2 62. Kf2 g1=Q+ 63. Kxg1 Kh4 64. a6 Kh3 65. a7 Kh4 66. a8=Q Kh3 67. Qg8 Kh4 68. Qg4# 1-0


[Site "https://www.chess.com"]